 Dungeon Crawl Stone Soup version 0.23.2-1-ga50397a (webtiles) character file.

Game seed: 1851073671571171044

46553 thriggle the Fighter (level 14, 0/86 HPs)
             Began as a Gargoyle Wanderer on Apr 18, 2019.
             Was a High Priest of Vehumet.
             Slain by a demonic crawler (6 damage)
             ... on level 3 of the Spider Nest on Apr 19, 2019.
             The game lasted 03:53:06 (21535 turns).

thriggle the Fighter (Gargoyle Wanderer)           Turns: 21535, Time: 03:53:07

Health: 0/86       AC: 28    Str: 11 (13) XL:     14   Next: 38%
Magic:  5/34       EV: 16    Int: 19 (20) God:    Vehumet [*****.]
Gold:   1209       SH:  0    Dex: 15 (16) Spells: 0/28 levels left

rFire    + . .     SeeInvis .   a - +3 shortbow (flame)
rCold    x . .     Gourm    .   (shield currently unavailable)
rNeg     + . .     Faith    .   X - +4 troll leather armour {Snorg}
rPois    ∞         Spirit   .   (no helmet)
rElec    +         Reflect  .   (no cloak)
rCorr    .         Harm     .   r - +2 pair of gloves
MR       +....     Rnd*Rage +   y - +2 pair of boots
Stlth    ++++......             n - amulet of regeneration
HPRegen  1.04/turn              S - ring of Untruth {rF+ rC- Int+2 Dex+4}
MPRegen  0.24/turn              s - ring of magical power

@: no status effects
A: big wings, slimy green scales 1, berserk 1, negative energy resistance 1,
electricity resistance, unbreathing, petrification resistance, rot immunity,
sturdy frame 1, AC +10
a: Fly, Renounce Religion


You were on level 3 of the Spider Nest.
You worshipped Vehumet.
Vehumet was extremely pleased with you.
You were not hungry.

You visited 3 branches of the dungeon, and saw 19 of its levels.
You also visited: Ice Cave.

You collected 1209 gold pieces.

Inventory:

Hand Weapons
 a - a +3 shortbow of flaming (weapon)
 R - the +4 spear of Hell's Wrath {pierce, Int+4 Stlth+}
   (You found it on level 12 of the Dungeon)

   It inflicts extra damage upon your enemies.
   It affects your intelligence (+4).
   It makes you more stealthy.
Missiles
 t - 26 tomahawks
 x - 186 arrows (quivered)
 B - 8 exploding tomahawks
Armour
 r - a +2 pair of gloves (worn)
 y - a +2 pair of boots (worn)
 J - a +0 ring mail
 X - a +4 troll leather armour (worn) {Snorg}
Magical Staves
 h - an uncursed staff of earth
Jewellery
 l - an uncursed ring of protection from magic
 n - an amulet of regeneration (around neck)
 o - an uncursed amulet of magic regeneration
 s - a ring of magical power (right hand)
 K - an uncursed amulet of the acrobat
 S - the ring of Untruth (left hand) {rF+ rC- Int+2 Dex+4}
   (You found it on level 11 of the Dungeon)

   [ring of intelligence]

   It affects your intelligence (+2).
   It affects your dexterity (+4).
   It protects you from fire.
   It makes you vulnerable to cold.
Wands
 b - a wand of clouds (3)
 E - a wand of digging (11)
 F - a wand of paralysis (11)
 I - a wand of flame (34)
 N - a wand of polymorph (9)
 P - a wand of disintegration (11)
Scrolls
 c - 2 scrolls of enchant armour
 d - 2 scrolls of enchant weapon
 f - a scroll of magic mapping
 i - 6 scrolls of teleportation
 j - 2 scrolls of fog
 z - a scroll of immolation
 G - 4 scrolls of vulnerability
 V - a scroll of amnesia
 Y - 4 scrolls of remove curse
Potions
 k - a potion of flight
 u - 2 potions of might
 v - 5 potions of lignification
 Q - a potion of resistance
 W - 2 potions of berserk rage
Comestibles
 g - 13 rations


   Skills:
 + Level 9.1 Fighting
   Level 1.2 Short Blades
 - Level 1.2 Polearms
 + Level 7.1 Bows
 - Level 2.0 Throwing
 + Level 8.7 Armour
 + Level 6.4 Dodging
 + Level 7.5 Stealth
   Level 1.1 Shields
 + Level 7.7 Spellcasting
 + Level 9.1 Conjurations
 + Level 5.9 Hexes
   Level 1.0 Transmutations
 - Level 7.2 Fire Magic
 - Level 2.6 Ice Magic
 - Level 2.3 Air Magic
 + Level 6.1 Earth Magic
 + Level 4.9 Poison Magic
 + Level 5.6 Evocations


You couldn't memorise any spells.
You knew the following spells:

 Your Spells              Type           Power        Failure   Level  Hunger
a - Fireball              Conj/Fire      #####.....   2%          5    #####..
b - Conjure Flame         Conj/Fire      #####...     1%          3    #......
c - Sting                 Conj/Pois      ####         1%          1    None
d - Freeze                Ice            ###.         1%          1    None
e - Searing Ray           Conj           #####.       1%          2    None
f - Static Discharge      Conj/Air       ####....     1%          3    #......
g - Tukima's Dance        Hex            ####....     2%          3    #......
h - Bolt of Magma         Conj/Fire/Erth #####.....   3%          5    #####..
i - Venom Bolt            Conj/Pois      ####......   4%          5    #####..

Your spell library contained the following spells:

 Spells                   Type           Power        Failure   Level  Hunger
 Corona                   Hex            ####...      1%          1    None
 Flame Tongue             Conj/Fire      #####        1%          1    None
 Slow                     Hex            ####....     1%          2    None
 Inner Flame              Hex/Fire       ####....     1%          3    #......
 Portal Projectile        Hex/Tloc       ###...       9%          3    #......
 Cause Fear               Hex            ####......   9%          4    ###....
 Leda's Liquefaction      Hex/Erth       ####......   9%          4    ###....
 Animate Skeleton         Necr           N/A          10%         1    None
 Apportation              Tloc           #.....       10%         1    None
 Summon Butterflies       Summ           #.......     10%         1    None
 Airstrike                Air            ###.......   11%         4    ###....
 Iskenderun's Battlesphe  Conj/Chrm      ###.....     11%         5    #####..
 Iron Shot                Conj/Erth      #####.....   17%         6    ######.
 Lesser Beckoning         Tloc           #.........   28%         3    #......
 Orb of Destruction       Conj           #####.....   43%         7    #######
 Summon Lightning Spire   Summ/Air       ##......     52%         4    ###....
 Alistair's Intoxication  Tmut/Pois      ###.....     63%         5    #####..
 Invisibility             Hex            ####....     78%         6    ######.
 Dispel Undead            Necr           #.......     95%         5    #####..
 Spellforged Servitor     Conj/Summ      ###.......   95%         7    #######
 Deflect Missiles         Chrm/Air       ##........   100%        6    ######.


Dungeon Overview and Level Annotations

Branches:
Dungeon (12/15)            Temple (0/1) D:6            Lair (3/6) D:9
 Spider (4/4) Lair:3          Orc (0/2) D:12
  Swamp: Lair:2-4    Shoals: Lair:2-4

Altars:
Ashenzari
Cheibriados
Elyvilon
Fedhas
Hepliaklqana
Kikubaaqudgha
Makhleb
Nemelex Xobeh
Okawaru
Sif Muna
Uskayaw
Vehumet
Yredelemnul

Shops:
D:9 }

Annotations:
D:3 Edmund


Innate Abilities, Weirdness & Mutations

You are resistant to torment.
Your stone body is resilient. (AC +10)
You are immune to poison.
Your large and strong wings let you fly indefinitely.
You resist negative energy. (rN+)
You are resistant to electric shocks. (rElec)
You can survive without breathing.
You are immune to petrification.
You are immune to rotting.
You are partially covered in slimy green scales. (AC +2)
You tend to lose your temper in combat.
Your movements are slightly less encumbered by armour. (ER -2)


Message History

Aiming: Dig
Press: ? - help, Shift-Dir - straight line A rock wall.
The rock shatters into small pieces.
The demonic crawler hits you but does no damage.
The demonic crawler hits you.
* * * LOW HITPOINT WARNING * * *
The demonic crawler hits you!
* * * LOW HITPOINT WARNING * * *
The demonic crawler barely misses you. The demonic crawler misses you.
The demonic crawler completely misses you.
The emperor scorpion stings you but does no damage.
The emperor scorpion claws you but does no damage.
The emperor scorpion claws you.
* * * LOW HITPOINT WARNING * * *
The demonic crawler hits you.
* * * LOW HITPOINT WARNING * * *
The demonic crawler hits you but does no damage.
The demonic crawler hits you.
You die...

### ##... ##.####.^#
#...##.#.. ##..#.....
#......... ###........
#.#........ ############
#.....####.
.......@s..###..........
#######ss....#.........#
#......#.......#.. ###
###.........#..... ###
#.###.#.......#.......
#...##
#.##...........^#...#.
###....##
#.##.....#.(....#.....
##.#....#
#.###(#..#....###...#^
#.^.....#
#.#.#....###.####...##


You could see an emperor scorpion and 2 demonic crawlers.

Vanquished Creatures
  Jorgrun (Spider:1)
  Snorg (D:10)
  Harold (D:11)
  A two-headed ogre (D:12)
  12 orb spiders
  11 wolf spiders
  2 manticores
  2 ugly things
  A moth of wrath (Spider:3)
  A black mamba (Lair:1)
  Joseph (D:8)
  3 spiny frogs
  4 torpor snails
  2 centaur skeletons
  A rime drake (Lair:1)
  3 komodo dragons
  An efreet (D:11)
  The ghost of belegose the Covered, a novice HaFi of Elyvilon (D:5)
  7 demonic crawlers
  15 jumping spiders
  Prince Ribbit (D:5)
  2 trolls
  3 hornets
  5 blink frogs (Lair:1)
  5 hippogriffs
  36 redbacks
  12 tarantellas
  2 wyverns
  A wraith (D:10)
  9 yaks
  4 dancing weapons
  2 hungry ghosts
  A steam dragon (D:10)
  A vampire mosquito (Spider:4)
  A porcupine (Lair:2)
  10 orc warriors
  6 water moccasins
  8 ice beasts
  2 sky beasts (D:6)
  2 black bears
  A necrophage (D:9)
  11 ogres
  An eye of draining (D:8)
  4 phantoms
  2 centaurs
  2 crocodiles
  2 big kobolds
  13 bullfrogs
  7 scorpions
  21 killer bees
  4 wights
  5 howler monkeys
  5 electric eels
  A quasit (D:9)
  9 crimson imps
  3 bullfrog zombies
  A centaur zombie (D:5)
  2 jellies
  6 orc priests
  5 hounds
  8 orc wizards
  3 iguanas
  A killer bee zombie (D:10)
  10 worker ants
  2 mummies
  4 worker ant zombies
  10 gnolls
  A howler monkey skeleton (D:7)
  17 adders
  3 shadow imps
  2 adder skeletons
  An adder zombie (D:9)
  2 worms
  2 dart slugs
  6 leopard geckos
  60 orcs
  5 bats
  3 giant cockroaches
  5 goblins
  5 hobgoblins
  29 jackals
  A quokka (D:4)
  2 ball pythons
  5 frilled lizards
  A jackal skeleton (D:4)
  A jackal zombie (D:3)
  14 kobolds
  A leopard gecko skeleton (D:5)
  2 quokka skeletons
  2 rats
497 creatures vanquished.

Vanquished Creatures (collateral kills)
  A demonic crawler (Spider:4)
  An orc priest (D:12)
  6 orcs (D:12)
8 creatures vanquished.

Vanquished Creatures (others)
  11 dancing weapons
  A plant (Lair:1)
  4 withered plants (D:12)
16 creatures vanquished.

Grand Total: 521 creatures vanquished

Notes
Turn   | Place    | Note
-------+----------+-------------------------------------------
     0 | D:1      | thriggle the Gargoyle Wanderer began the quest for the Orb.
     0 | D:1      | thriggle set off with the following items: a +2 shortbow,
                  | 19 arrows, a +0 hand crossbow, 23 bolts, a +0 robe, a
                  | ration; and the following spell memorised: Flame Tongue;
                  | and the following spells available to memorise: Conjure
                  | Flame
     0 | D:1      | Reached XP level 1. HP: 12/12 MP: 2/2
   207 | D:1      | Reached XP level 2. HP: 18/18 MP: 3/3
   462 | D:2      | Reached XP level 3. HP: 22/22 MP: 3/5
   505 | D:2      | Reached skill level 1 in Armour
   639 | D:2      | Learned a level 3 spell: Conjure Flame
   926 | D:2      | Reached skill level 1 in Conjurations
   926 | D:2      | Reached XP level 4. HP: 11/27 MP: 4/6
  1278 | D:2      | Found a radiant altar of Vehumet.
  1280 | D:2      | Found an ancient bone altar of Kikubaaqudgha.
  1287 | D:2      | Became a worshipper of Vehumet
  1830 | D:3      | Reached XP level 5. HP: 23/32 MP: 7/7
  1918 | D:3      | Found a hide-covered altar of Uskayaw.
  2233 | D:3      | Found an iron altar of Okawaru.
  2293 | D:4      | Reached skill level 1 in Short Blades
  2346 | D:4      | Found a hazy altar of Hepliaklqana.
  2379 | D:4      | Reached XP level 6. HP: 37/37 MP: 9/9
  2543 | D:4      | Reached * piety under Vehumet
  2543 | D:4      | Offered knowledge of Sting by Vehumet.
  2560 | D:4      | Noticed Edmund
  2717 | D:4      | Learned a level 1 spell: Sting
  2799 | D:4      | Reached skill level 1 in Dodging
  3567 | D:5      | Entered Level 5 of the Dungeon
  3684 | D:5      | Reached XP level 7. HP: 41/41 MP: 11/11
  3776 | D:5      | Noticed Prince Ribbit
  3782 | D:5      | Found a deep blue altar of Sif Muna.
  3793 | D:5      | Found a basalt altar of Yredelemnul.
  3820 | D:5      | Reached skill level 1 in Poison Magic
  3821 | D:5      | HP: 2/41 [Prince Ribbit (14)]
  4019 | D:5      | Killed Prince Ribbit
  4019 | D:5      | Reached skill level 1 in Throwing
  4120 | D:5      | Got a smelly leather armour
  4162 | D:3      | Identified the cursed +0 leather armour "Riuqug" {rPois}
                  | (You found it on level 5 of the Dungeon)
  4336 | D:5      | Reached XP level 8. HP: 48/48 MP: 12/12
  4549 | D:5      | Found a runed translucent door.
  4552 | D:5      | Noticed belegose's ghost (novice HaFi)
  4754 | D:5      | Offered knowledge of Freeze by Vehumet.
  4806 | D:5      | Learned a level 1 spell: Freeze
  4998 | D:4      | Reached ** piety under Vehumet
  5162 | D:5      | Killed belegose's ghost
  5616 | D:6      | Reached XP level 9. HP: 52/52 MP: 15/15
  5638 | D:6      | Found a staircase to the Ecumenical Temple.
  5659 | D:6      | Reached skill level 1 in Ice Magic
  5724 | D:6      | Found a white marble altar of Elyvilon.
  5902 | D:6      | Reached skill level 5 in Bows
  6349 | D:7      | Reached skill level 5 in Conjurations
  6405 | D:7      | Reached skill level 5 in Fighting
  6421 | D:7      | Found a shattered altar of Ashenzari.
  6450 | D:7      | Offered knowledge of Searing Ray by Vehumet.
  6454 | D:7      | Learned a level 2 spell: Searing Ray
  6687 | D:7      | Found a sparkling altar of Nemelex Xobeh.
  6919 | D:7      | Found a snail-covered altar of Cheibriados.
  7350 | D:7      | Reached *** piety under Vehumet
  7350 | D:7      | Reached XP level 10. HP: 59/59 MP: 17/17
  8136 | D:7      | Reached skill level 5 in Armour
  8214 | D:7      | Reached skill level 1 in Stealth
  8389 | D:8      | Offered knowledge of Static Discharge by Vehumet.
  8407 | D:7      | Learned a level 3 spell: Static Discharge
  8494 | D:8      | Reached skill level 5 in Spellcasting
  8886 | D:8      | Found a blossoming altar of Fedhas.
  8941 | D:8      | Noticed a lindwurm
  8964 | D:8      | Learned a level 3 spell: Tukima's Dance
  9008 | D:8      | Found a burning altar of Makhleb.
  9061 | D:8      | Reached **** piety under Vehumet
  9061 | D:8      | Reached skill level 1 in Air Magic
  9275 | D:8      | Noticed a lindwurm
  9292 | D:8      | Noticed a lindwurm
  9300 | D:8      | Noticed Joseph
  9343 | D:8      | Killed Joseph
  9436 | D:8      | Noticed a lindwurm
  9716 | D:9      | Reached skill level 1 in Hexes
  9935 | D:9      | Found a staircase to the Lair.
  9989 | D:9      | Offered knowledge of Airstrike by Vehumet.
 10369 | D:9      | Found Dayhiph's Gadget Shop.
 10791 | D:10     | Entered Level 10 of the Dungeon
 10796 | D:10     | Reached XP level 11. HP: 64/64 MP: 19/19
 10949 | D:10     | Found a blossoming altar of Fedhas.
 11083 | D:10     | Reached skill level 5 in Fire Magic
 11294 | D:10     | Noticed Snorg
 11308 | D:10     | Killed Snorg
 11632 | D:11     | Noticed a manticore
 11883 | D:11     | Killed a manticore
 11987 | D:11     | Reached ***** piety under Vehumet
 11987 | D:11     | Offered knowledge of Ozocubu's Refrigeration by Vehumet.
 12439 | D:11     | Learned a level 5 spell: Bolt of Magma
 12574 | D:11     | Noticed Harold
 12708 | D:11     | Killed Harold
 12852 | D:11     | Got a brightly glowing granite ring
 12854 | D:11     | Identified the ring of Untruth {rF+ rC- Int+2 Dex+4} (You
                  | found it on level 11 of the Dungeon)
 12947 | Lair:1   | Entered Level 1 of the Lair of Beasts
 13455 | Lair:1   | Reached XP level 12. HP: 31/72 MP: 5/21
 13665 | Lair:1   | Reached skill level 1 in Earth Magic
 14456 | D:12     | Found a frozen archway.
 14461 | D:12     | Noticed a two-headed ogre
 14475 | D:12     | Killed a two-headed ogre
 14487 | IceCv    | Entered an ice cave
 14500 | IceCv    | Found a transporter.
 14529 | IceCv    | Reached skill level 5 in Dodging
 14553 | IceCv    | Reached skill level 5 in Stealth
 15030 | D:12     | Got a bone spear
 15031 | D:12     | Identified the +4 spear of Hell's Wrath {pierce, Int+4
                  | Stlth+} (You found it on level 12 of the Dungeon)
 16383 | D:12     | Offered knowledge of Poison Arrow by Vehumet.
 16390 | D:12     | Learned a level 5 spell: Venom Bolt
 16429 | D:12     | Found a staircase to the Orcish Mines.
 17206 | Lair:3   | Found a hole to the Spider Nest.
 17280 | Spider:1 | Entered Level 1 of the Spider Nest
 17419 | Spider:1 | Reached XP level 13. HP: 78/78 MP: 19/23
 17861 | Spider:1 | Noticed Jorgrun
 17894 | Spider:1 | Killed Jorgrun
 17894 | Spider:1 | Reached skill level 5 in Hexes
 18558 | Spider:1 | Identified the Guide on Sinister Rites and Lightness
 19154 | Spider:1 | Reached skill level 5 in Evocations
 19186 | Spider:2 | Got a pitted helmet
 19189 | Spider:2 | Reached skill level 5 in Earth Magic
 19209 | Spider:1 | Identified the +0 helmet of Pausupit {MR+ rCorr Int-3} (You
                  | found it on level 2 of the Spider Nest)
 19779 | Spider:2 | Gained mutation: Your large and strong wings let you fly
                  | indefinitely. [Gargoyle growth]
 19779 | Spider:2 | Reached XP level 14. HP: 84/84 MP: 25/25
 20095 | Spider:2 | Gained mutation: You have a pair of small horns on your
                  | head. [potion of mutation]
 20095 | Spider:2 | Gained mutation: You are agile. (Dex +2) [potion of
                  | mutation]
 20095 | Spider:2 | Gained mutation: You have sharp toenails. [potion of
                  | mutation]
 20095 | Spider:2 | Gained mutation: You are partially covered in slimy green
                  | scales. (AC +2) [potion of mutation]
 20291 | Spider:1 | Offered knowledge of Fireball by Vehumet.
 20310 | Spider:1 | Learned a level 5 spell: Fireball
 20760 | Spider:3 | Reached skill level 1 in Polearms
 21169 | Spider:3 | Noticed an emperor scorpion
 21454 | Spider:4 | Entered Level 4 of the Spider Nest
 21507 | Spider:4 | Lost mutation: You are agile. (Dex +2) [potion of mutation]
 21507 | Spider:4 | Lost mutation: You have a pair of small horns on your head.
                  | [potion of mutation]
 21507 | Spider:4 | Lost mutation: You have sharp toenails. [potion of
                  | mutation]
 21507 | Spider:4 | Gained mutation: You tend to lose your temper in combat.
                  | [potion of mutation]
 21507 | Spider:4 | Gained mutation: Your movements are slightly less
                  | encumbered by armour. (ER -2) [potion of mutation]
 21535 | Spider:3 | Slain by a demonic crawler

Skill      XL: |  1  2  3  4  5  6  7  8  9 10 11 12 13 14 |
---------------+-------------------------------------------+-----
Armour         | 1 2 3 4 5 6 7 8 |  8.7
Conjurations   | 1 2 3 4 5 6 7 8 9 |  9.1
Fire Magic     | 2 3 4 5 6 7 |  7.2
Fighting       | 3 4 5 6 7 8 9 |  9.1
Spellcasting   | 2 3 4 5 6 7 |  7.7
Short Blades   | 1 |  1.2
Dodging        | 1 2 3 4 5 6 |  6.4
Bows           | 4 5 6 7 |  7.1
Poison Magic   | 1 2 3 4 |  4.9
Throwing       | 1 2 |  2.0
Ice Magic      | 2 |  2.6
Evocations     | 2 3 4 5 |  5.6
Stealth        | 3 4 5 7 |  7.5
Air Magic      | 1 2 |  2.3
Hexes          | 2 3 4 5 |  5.9
Earth Magic    | 3 5 6 |  6.1
Polearms       | 1 |  1.2
Shields        | |  1.1
Transmutations | |  1.0

Action                   |  1- 3 |  4- 6 |  7- 9 | 10-12 | 13-15 || total
-------------------------+-------+-------+-------+-------+-------++-------
Melee: Short sword       |    23 |     7 |    80 |       |       ||   110
       Spear             |       |       |       |     4 |       ||     4
       Shortbow          |       |       |       |       |     2 ||     2
 Fire: Shortbow          |    50 |   113 |   164 |   234 |   114 ||   675
Throw: Tomahawk          |       |       |     6 |     1 |     1 ||     8
       Throwing net      |       |       |       |       |     4 ||     4
 Cast: Flame Tongue      |    15 |    54 |    92 |    68 |       ||   229
       Conjure Flame     |       |    17 |    34 |    63 |     4 ||   118
       Sting             |       |     4 |    77 |   237 |   158 ||   476
       Freeze            |       |       |    19 |    56 |     7 ||    82
       Searing Ray       |       |       |     9 |   147 |    12 ||   168
       Static Discharge  |       |       |       |    35 |     1 ||    36
       Tukima's Dance    |       |       |       |    50 |     1 ||    51
       Bolt of Magma     |       |       |       |    13 |    18 ||    31
       Venom Bolt        |       |       |       |     9 |   105 ||   114
       Fireball          |       |       |       |       |     3 ||     3
Evoke: Wand              |       |       |       |     2 |    16 ||    18
       Box of beasts     |       |       |       |       |     2 ||     2
  Use: Scroll            |       |     1 |     7 |    17 |     9 ||    34
       Potion            |       |       |     1 |     4 |    21 ||    26
  Eat: Chunk             |     1 |     9 |    11 |    32 |    15 ||    68
       Ration            |       |     1 |     1 |     5 |     9 ||    16
Armor: Robe              |     2 |       |       |       |       ||     2
       Leather armour    |    21 |    44 |   105 |    52 |       ||   222
       Ring mail         |       |       |       |    88 |       ||    88
       Troll leather arm |       |       |       |   196 |   605 ||   801
Dodge: Dodged            |    23 |    54 |   140 |   433 |   662 ||  1312
